 Dungeon Crawl Stone Soup version 0.27-a0-978-g2aa4ecdaef (webtiles) character file.

Game seed: 16664193767589274889

1158 robertstho the Thaumaturge (level 8, -8/42 HPs)
             Began as a Deep Elf Fire Elementalist on Apr 14, 2021.
             Was a Follower of Sif Muna.
             Mangled by an orc warrior
             ... wielding a +0 war axe
              (13 damage)
             ... on level 5 of the Dungeon.
             The game lasted 00:08:07 (5215 turns).

robertstho the Thaumaturge (DEFE)                   Turns: 5215, Time: 00:08:07

Health: -8/42      AC:  2    Str:  7    XL:     8   Next: 16%
Magic:  22/22      EV: 13    Int: 23    God:    Sif Muna [*.....]
Gold:   189        SH:  0    Dex: 15    Spells: 11/24 levels left

rFire    + . .     SeeInvis +   o - +5 war axe of Viagg {vorpal, rF+ Str+2 SInv Stlth-}
rCold    . . .     Faith    .   (no shield)
rNeg     . . .     Spirit   .   a - +0 robe
rPois    .         Reflect  .   (no helmet)
rElec    .         Harm     .   (no cloak)
rCorr    .         Rampage  .   (no gloves)
Will     .....                  (no boots)
Stlth    +.........             n - amulet of magic regeneration
HPRegen  0.14/turn              (no ring)
MPRegen  0.43/turn              (no ring)

@: lethally poisoned (-8 -> -10), flying
A: no striking features
a: Renounce Religion, Channel Magic


You were on level 5 of the Dungeon.
You worshipped Sif Muna.
Sif Muna was aware of your devotion.
You visited 2 branches of the dungeon, and saw 6 of its levels.

You collected 189 gold pieces.

Inventory:

Hand Weapons
 d - a +0 short sword
 f - a +0 hand axe of venom
 g - a +0 morningstar
 o - the +5 war axe of Viagg (weapon) {vorpal, rF+ Str+2 SInv Stlth-}
   (You found it on level 4 of the Dungeon)

   It inflicts extra damage upon your enemies.
   It affects your strength (+2).
   It protects you from fire.
   It lets you see invisible.
   It makes you less stealthy.
Armour
 a - a +0 robe (worn)
Jewellery
 n - an amulet of magic regeneration (around neck)
Wands
 j - a wand of flame (22)
Scrolls
 m - a scroll of magic mapping
 p - a scroll of enchant weapon {unknown}
 q - a scroll of holy word {unknown}
Potions
 b - a potion of berserk rage {unknown}
 c - a potion of brilliance {unknown}
 e - a potion of haste {unknown}
 h - 3 potions of flight
 i - 2 potions of curing {unknown}
 k - a potion of mutation {unknown}
 l - a potion of lignification {unknown}


   Skills:
 + Level 0.4 Fighting
 + Level 1.0 Axes
 + Level 0.2(0.5) Maces & Flails
 + Level 3.2 Dodging
 + Level 3.6 Stealth
 * Level 8.5 Spellcasting
 + Level 4.3 Conjurations
 * Level 6.1 Fire Magic
 * Level 2.3 Invocations


You had 11 spell levels left.
You knew the following spells:

 Your Spells              Type           Power      Damage    Failure   Level
a - Foxfire               Conj/Fire      100%       2x1d9     1%          1
b - Conjure Flame         Conj/Fire      33%        6-21      2%          3
c - Sticky Flame          Conj/Fire      33%        2d5       8%          4
d - Fireball              Conj/Fire      16%        3d8       22%         5

Your spell library contained the following spells:

 Spells                   Type           Power      Damage    Failure   Level
 Inner Flame              Hex/Fire       24%        N/A       5%          3


Dungeon Overview and Level Annotations

Branches:
Dungeon (5/15)             Temple (1/1) D:4

Altars:
Ashenzari
Dithmenos
Fedhas
Gozag
Hepliaklqana
Kikubaaqudgha
Nemelex Xobeh
Okawaru
Qazlal
Sif Muna
Trog
Uskayaw
Yredelemnul

Annotations:
D:4 Need flight to get gold


Message History

The foxfire hits the scorpion.
The scorpion is lightly wounded.
The foxfire hits the troll.
The troll is lightly wounded.
A bullfrog skeleton comes into view.
Casting: Foxfire (safe; 1% risk of failure)
Confirm with . or Enter, or press ? or * to list all spells.
You conjure some foxfire!
The scorpion barely misses you.
The foxfire hits the scorpion!
The scorpion is heavily wounded.
The foxfire hits the scorpion.
The scorpion is severely wounded.
The scorpion stings you!
Casting: Foxfire (safe; 1% risk of failure)
Confirm with . or Enter, or press ? or * to list all spells.
You conjure some foxfire!
The scorpion stings you.
You are poisoned.
The scorpion poisons you! The orc warrior barely misses you.
Unknown command.
You feel very sick.
The foxfire hits the scorpion.
You kill the scorpion!
Sif Muna accepts your kill.
The foxfire hits the troll.
The troll is lightly wounded.
The orc warrior hits you with a +0 war axe!
You feel sick.
You feel sick.
You feel sick.
You feel sick.
An ogre comes into view. It is wielding a +0 giant club.
You feel sick.
You feel sick.
Okay, then.
Okay, then.
It was a potion of flight.
You feel very buoyant.
You fly up into the air.
You feel sick.
The orc warrior hits you with a +0 war axe!
You die...

....# #<###..... #...##
....###..........####.#..#
......)..................#
..#...#..##>..#########..#
...#)#...# #.#.......#..#
.#...#....# #.#.......#..#
...........# #.#.......#..#
#...#...#..####.#..._......#
$#...#.#..To@...#.......#..#
..#...#...Z###..#.......#..#
....O......# ##.#.......#..#
#...#...#..# #.####^####..#
#...#(#...# #...........##
..#...#....# #############
..........## #...#...#.#
!#...#!#..#


You could see a troll, an orc warrior and a bullfrog skeleton.

Vanquished Creatures
  2 black bears (D:4)
  A necrophage (D:4)
  A hornet zombie (D:5)
  An ogre (D:4)
  3 scorpions
  A bullfrog zombie (D:5)
  2 jellies (D:5)
  5 hounds
  Natasha (thrice) (D:3)
  2 hound skeletons (D:4)
  A howler monkey zombie (D:5)
  A gnoll (D:2)
  9 adders
  2 worms
  2 dart slugs
  4 orcs
  5 ball pythons
  8 endoplasms
  5 giant cockroaches
  5 goblins
  12 hobgoblins
  9 jackals
  8 kobolds
  3 quokkas
  6 bats
  4 frilled lizards
  6 rats
111 creatures vanquished.

Vanquished Creatures (others)
  407 foxfires
407 creatures vanquished.

Grand Total: 518 creatures vanquished

Notes
Turn   | Place    | Note
-------+----------+-------------------------------------------
     0 | D:1      | robertstho the Deep Elf Fire Elementalist began the quest
                  | for the Orb.
     0 | D:1      | Reached XP level 1. HP: 10/10 MP: 6/6
   215 | D:1      | Reached XP level 2. HP: 15/15 MP: 6/8
   967 | D:2      | Reached XP level 3. HP: 19/19 MP: 6/9
  1302 | D:2      | Reached skill level 4 in Spellcasting
  1351 | D:2      | Reached XP level 4. HP: 24/24 MP: 9/12
  1473 | D:2      | Found a faded altar of an unknown god.
  2129 | D:2      | Learned a level 3 spell: Conjure Flame
  2134 | D:2      | Learned a level 4 spell: Sticky Flame
  2304 | D:3      | Noticed Natasha
  2313 | D:3      | Killed Natasha
  2314 | D:3      | Reached XP level 5. HP: 22/28 MP: 9/14
  2320 | D:3      | Learned a level 5 spell: Fireball
  2325 | D:3      | Noticed Natasha
  2331 | D:3      | Killed Natasha
  2332 | D:3      | Reached skill level 5 in Spellcasting
  2527 | D:3      | Noticed Natasha
  2535 | D:3      | Killed Natasha
  3083 | D:3      | Found a hazy altar of Hepliaklqana.
  3539 | D:4      | Reached skill level 6 in Spellcasting
  3539 | D:4      | Reached XP level 6. HP: 32/32 MP: 13/17
  3569 | D:4      | Found a staircase to the Ecumenical Temple.
  3589 | D:4      | Found a sparkling altar of Nemelex Xobeh.
  3637 | D:4      | Identified the +5 war axe of Viagg {vorpal, rF+ Str+2 SInv
                  | Stlth-}
  3690 | D:4      | Found an opulent altar of Gozag.
  3693 | D:4      | Found an opulent altar of Gozag.
  3693 | D:4      | Found an opulent altar of Gozag.
  3846 | D:4      | Found an opulent altar of Gozag.
  3866 | D:4      | Reached skill level 7 in Spellcasting
  3866 | D:4      | Reached skill level 5 in Fire Magic
  3866 | D:4      | Reached XP level 7. HP: 23/36 MP: 14/19
  3905 | Temple   | Entered the Ecumenical Temple
  4007 | Temple   | Became a worshipper of Sif Muna the Loreminder
  4426 | D:4      | Reached skill level 1 in Invocations
  4602 | D:5      | Entered Level 5 of the Dungeon
  4955 | D:5      | Reached skill level 8 in Spellcasting
  4991 | D:5      | Reached XP level 8. HP: 34/42 MP: 17/22
  5136 | D:5      | Found a hide-covered altar of Uskayaw.
  5185 | D:5      | Reached * piety under Sif Muna
  5186 | D:5      | Reached skill level 1 in Axes
  5202 | D:5      | Noticed a troll
  5215 | D:5      | Mangled by an orc warrior

Illustrated notes

Levels and vault maps discovered:
D:1:      nzn_arrival_water_spiral, layout_basic,
          chequers_serial_rivers_large_b, kennysheep_small_spiral, st_stairs_4
D:2:      layout_basic, hellmonk_ecumenical_altar_crossroads,
          hangedman_feature_mirror, due_unseen_surprise
D:3:      layout_loops_corners, nzn_hepliaklqana_mist_gate,
          hangedman_decor_peaks_small, uniq_natasha
D:4:      layout_basic, nicolae_gozag_conspicuous_consumption,
          nemelex_spade_bored_becter, minmay_temple_entry_statues_pillars
D:5:      cheibrodos_fzero, layout_basic, kennysheep_mini_moat,
          lemuel_tele_altar, uniq_blork_the_orc
Temple:   jpeg_temple_island

Skill      XL: |  1  2  3  4  5  6  7  8 |
---------------+-------------------------+-----
Stealth        | 3 |  3.6
Spellcasting   | 4 6 7 8 |  8.5
Dodging        | 3 |  3.2
Conjurations   | 2 3 4 |  4.3
Fire Magic     | 4 5 6 |  6.1
Invocations    | 2 |  2.3
Axes           | 1 |  1.0
Fighting       | |  0.4
Maces & Flails | |  0.2

Action                   |  1- 3 |  4- 6 |  7- 9 || total
-------------------------+-------+-------+-------++-------
Melee: Morningstar       |     8 |       |       ||     8
       War axe           |       |       |     2 ||     2
 Cast: Foxfire           |    63 |   118 |    58 ||   239
       Sticky Flame      |       |       |     4 ||     4
  Use: Scroll            |       |     4 |       ||     4
       Potion            |       |       |     1 ||     1
Armor: Robe              |     3 |     3 |     5 ||    11
Dodge: Dodged            |    11 |    16 |    14 ||    41

Table legend: (Time is in decaauts)
 A = Elapsed time spent in this place.
 B = Non-inter-level travel time spent in this place.
 C = Inter-level travel time spent in this place.
 D = Time resting spent in this place.
 E = Time spent auto-exploring this place.
 F = Levels seen in this place.
 G = Mean time per level.
                   A        B        C        D        E       F      G
               +--------+--------+--------+--------+--------+-----+--------+
         Total |   5252 |   5043 |    209 |    523 |   3754 |   6 |  875.3 |
       Dungeon |   5113 |   4941 |    172 |    523 |   3661 |   5 | 1022.6 |
        Temple |    138 |    102 |     36 |      0 |     93 |   1 |  138.0 |
               +--------+--------+--------+--------+--------+-----+--------+

Top non-repeatable levels by time:
     D:2: 1312 daAuts
     D:3: 1276 daAuts
     D:4: 1191 daAuts
     D:1: 969 daAuts
     D:5: 363 daAuts
  Temple: 138 daAuts
